 Dungeon Crawl Stone Soup version 0.27-a0-1347-gd8886f0a89 (webtiles) character file.

Game seed: 483320797885291514

92956 sanka the Spry (level 16, 0/121 HPs)
             Began as a Djinni Artificer on June 27, 2021.
             Was the Champion of Makhleb.
             Shot with a bolt by a naga sharpshooter (23 damage)
             ... on level 2 of the Lair of Beasts.
             The game lasted 01:27:06 (27488 turns).

sanka the Spry (Djinni Artificer)                  Turns: 27488, Time: 01:27:07

Health: 0/121      AC: 12    Str: 13    XL:     16   Next: 55%
Gold:   1870       EV: 31    Int: 21    God:    Makhleb [******] SH:  0 Dex: 25

rFire    + + +     SeeInvis +   a - +3 lajatang "Hecome" {pain, Str+2 Dex+4}
rCold    . . .     Faith    .   (shield currently unavailable)
rNeg     . . .     Spirit   .   T - +1 robe {rC+ rF+}
rPois    ∞         Reflect  .   Q - +2 helmet {SInv}
rElec    .         Harm     .   (no cloak)
rCorr    .         Rampage  .   W - +1 pair of gloves
Will     ++...                  (boots unavailable)
Stlth    ++........             h - amulet of regeneration
HPRegen  1.30/turn              S - ring "Fulaegru" {rF+ Will+ Int+4 Dex+4 SInv}
MPRegen  0.00/turn              J - +4 ring of protection

@: flying
A: sickness immunity, fire resistance 2, cold vulnerability 1, float, innate
caster, hp casting, extra vitality 1
a: Renounce Religion, Minor Destruction, Lesser Servant of Makhleb, Major
Destruction, Greater Servant of Makhleb


You were on level 2 of the Lair of Beasts.
You worshipped Makhleb.
Makhleb was exalted by your worship.
You visited 5 branches of the dungeon, and saw 25 of its levels.
You also visited: Sewer.

You collected 3134 gold pieces.
You spent 1264 gold pieces at shops.


Innate Abilities, Weirdness & Mutations

You are immune to sickness and miasma.
You are immune to poison.
Your flesh is very heat resistant. (rF++)
You are vulnerable to cold. (rC-)
You float through the air rather than walking.
You learn spells naturally, not from books.
Your magical power is your life essence.
You have superior vitality. (+4 HP)


   Skills:
 - Level 13.3 Fighting
 - Level 1.0 Armour
 - Level 19.7 Dodging
 - Level 0.7 Stealth
 + Level 13.9 Spellcasting
 - Level 3.0 Evocations


You had 17 spell levels left.
You knew the following spells:

 Your Spells              Type           Power      Damage    Failure   Level
c - Summon Mana Viper     Hex/Summ       65%        N/A       1%          5
u - Eringya's Noxious Bo  Tmut/Pois      32%        N/A       2%          6
v - Agony                 Necr           65%        N/A       1%          5
x - Petrify               Tmut/Erth      65%        N/A       1%          4
y - Foxfire               Conj/Fire      100%       2x1d9     0%          1
z - Poisonous Vapours     Pois/Air       100%       N/A       1%          2
Z - Corpse Rot            Necr/Air       N/A        N/A       1%          2
Your spell library was empty.

Inventory:

Hand Weapons
 a - the +3 lajatang "Hecome" (weapon) {pain, Str+2 Dex+4} In the hands of one skilled in necromantic magic, it inflicts extra damage on living creatures. Str: It affects your strength (+2). Dex: It affects your dexterity (+4).
 k - a +5 great sword of electrocution
 q - the +6 spear "Ceulid" {elec, rPois Str+3} Occasionally, upon striking a foe, it can discharge electrical energy and cause terrible harm. Str: It affects your strength (+3). rPois: It protects you from poison.
 K - a +3 halberd of freezing
Missiles
 H - a throwing net {=f}
 I - 2 curare-tipped darts {=f}
Armour
 Q - a +2 helmet of see invisible (worn)
 T - a +1 robe of resistance (worn)
 W - a +1 pair of gloves (worn)
Magical Staves
 B - a staff of air
Jewellery
 h - an amulet of regeneration (around neck)
 v - a ring of protection from cold
 J - a +4 ring of protection (right hand)
 S - the ring "Fulaegru" (left hand) {rF+ Will+ Int+4 Dex+4 SInv}

   [ring of see invisible]

   Int:       It affects your intelligence (+4).
   Dex:       It affects your dexterity (+4).
   rF:        It protects you from fire.
   SInv:      It lets you see invisible.
   Will:      It increases your willpower.
Wands
 b - a wand of mindburst (11)
 c - a wand of flame (48) (quivered)
 d - a wand of charming (33)
 j - a wand of paralysis (15)
 y - a wand of digging (4)
 D - a wand of iceblast (21)
 L - a wand of polymorph (16)
 O - a wand of acid (6)
Scrolls
 f - a scroll of fear
 l - 6 scrolls of immolation {!r}
 n - a scroll of fog
 p - 10 scrolls of enchant weapon
 s - 13 scrolls of teleportation {@r4}
 u - 5 scrolls of magic mapping
 w - a scroll of brand weapon
 x - 2 scrolls of blinking
 G - 2 scrolls of identify {@r1}
 P - a scroll of summoning
 R - 2 scrolls of torment {!r}
 U - a scroll of vulnerability {!r}
 V - 3 scrolls of enchant armour
Potions
 g - 3 potions of mutation {!q}
 i - 4 potions of attraction {!q}
 m - a potion of berserk rage {!q}
 o - 3 potions of cancellation
 r - 3 potions of brilliance
 t - 4 potions of heal wounds {@q2}
 z - 3 potions of curing {@q1}
 A - 2 potions of haste {@q3}
 C - a potion of resistance
 F - 4 potions of lignification {!q}
 M - 4 potions of ambrosia
 N - a potion of might
Miscellaneous
 e - a piece from Xom's chessboard (15/15)
 E - a tin of tremorstones (2/2)

Dungeon Overview and Level Annotations

Branches:
Dungeon (15/15)            Temple (1/1) D:7            Lair (6/6) D:10
 Shoals (0/4) Lair:4        Snake (1/4) Lair:2        Slime (0/5) Lair:6
    Orc (2/2) D:11            Elf (0/3) Orc:2        Vaults (0/5) D:13
 Depths (0/5) D:15          Sewer (visited)

Altars:
Ashenzari
Cheibriados
Dithmenos
Elyvilon
Fedhas
Gozag
Hepliaklqana
Kikubaaqudgha
Makhleb
Nemelex Xobeh
Okawaru
Qazlal
Ru
Sif Muna
Trog
Uskayaw
Vehumet
Wu Jian
Xom
Yredelemnul
Zin
The Shining One
Beogh

Shops:
D:1 =   D:6 *   D:13 *   Orc:2 *(*[:

Annotations:
Lair:3 2 transporters, Gusuyshucre's ghost, journeyman DjWr

▒(▒▒ ▒▒▒≈≈≈≈≈≈≈............ ▒..▒
▒▒≈≈≈≈≈.≈........... ▒..▒ ▒▒▒
▒▒▒▒▒.......▒...... ▒..▒▒▒.▒
▒▒.....▒.▒▒▒▒▒.. ▒▒▒....▒.▒▒▒▒▒▒▒
▒.......▒▒▒▒▒.<.
≈≈........▒....▒▒▒▒...▒.....▒....
≈≈≈.....▒....P..▒▒...▒▒▒.........
≈≈P...▒...........▒....▒.........
P≈..).▒.P.......R▒▒▒..P▒▒........
≈≈≈.....))†.......▒...▒▒▒........
≈≈≈.........N......▒...P.........
≈≈......▒........................
≈P....▒.▒▒...........P...........
≈≈≈...▒.▒▒....)...▒▒▒▒▒..........
≈≈≈.......N.....▒▒▒ ▒▒...........
≈P≈....▒..P..▒▒.▒ ▒............
≈P≈.......▒▒▒▒▒.▒▒ ▒............


You could see a naga warrior and a naga sharpshooter.


Message History

* * * LOW HITPOINT WARNING * * *
The black mamba closely misses you. The black mamba bites you.
* * * LOW HITPOINT WARNING * * *
Unknown command.
Unknown command.
The naga warrior spits poison at you. The splash of poison misses you.
The black mamba festers in the toxic bog.
The black mamba is poisoned.
The black mamba becomes momentarily stuck in the toxic bog.
The black mamba festers in the toxic bog.
The black mamba looks as sick as possible!
The black mamba dies!
The naga sharpshooter no longer looks unusually strong.
The naga sharpshooter mumbles some strange words.
The naga sharpshooter magically shoots a bolt.
The bolt completely misses you.
The naga sharpshooter shoots a bolt.
The bolt completely misses you.
Your noxious spew wanes.
The naga sharpshooter casts a spell.
The naga sharpshooter magically shoots a bolt.
The bolt hits you!!
* * * LOW HITPOINT WARNING * * *
The naga sharpshooter shoots a bolt.
The bolt completely misses you.
The naga sharpshooter shoots a bolt.
The bolt hits you!!
You die...

Action                   |  1- 3 |  4- 6 |  7- 9 | 10-12 | 13-15 | 16-18 || total
-------------------------+-------+-------+-------+-------+-------+-------++-------
Melee: Club              |    79 |       |       |       |       |       ||    79
       Short sword       |    23 |   117 |       |       |       |       ||   140
       Flail             |       |    11 |   112 |       |       |       ||   123
       Halberd           |       |       |   116 |   385 |       |       ||   501
       Lajatang          |       |       |       |   230 |  1063 |   231 ||  1524
       Spear             |       |       |       |       |    74 |       ||    74
 Cast: Foxfire           |    29 |     2 |    11 |    13 |    18 |       ||    73
       Poisonous Vapours |       |    37 |   172 |   165 |   207 |    13 ||   594
       Summon Mana Viper |       |       |       |     7 |    29 |    10 ||    46
       Corpse Rot        |       |       |       |     3 |    19 |       ||    22
       Agony             |       |       |       |       |   167 |    75 ||   242
       Eringya's Noxious |       |       |       |       |    34 |    15 ||    49
Evoke: Wand              |     5 |       |     1 |     6 |     6 |     6 ||    24
  Use: Scroll            |       |       |    10 |     5 |    15 |     1 ||    31
       Potion            |       |       |       |     2 |     3 |     1 ||     6
 Stab: Sleeping          |       |     2 |       |       |     9 |     1 ||    12
       Paralysed         |       |       |       |     4 |       |       ||     4
       Distracted        |       |       |       |     1 |     1 |       ||     2
Armor: Leather armour    |    32 |    40 |   121 |   190 |       |       ||   383
       Troll leather arm |       |       |       |    16 |   285 |       ||   301
       Robe              |       |       |       |       |    34 |   137 ||   171
Dodge: Dodged            |    85 |    87 |   275 |   750 |  2284 |   851 ||  4332

Levels and vault maps discovered:
D:1:      matt_arrival_refuge, layout_loops_cross, serial_shops,
          nicolae_square_shop, chequers_jeans
D:2:      layout_basic, basic_ecumenical_altar
D:3:      layout_loops_cross, lemuel_round_altar, gup_sewer_entry_bubbles,
          chequers_serial_rivers_small_3
D:4:      layout_loops_corners, gammafunk_temple_overflow_pools
D:5:      layout_rooms
D:6:      layout_rooms, nicolae_shop_clearance
D:7:      layout_layer_cave, minmay_temple_entry_statues_fountains,
          chequers_decorated_corner, serial_bayou_pond_e,
          mrwooster_statue_mirror, minmay_misc_feat_alley,
          minmay_fractal_squares_5, uniq_harold, uniq_duvessa
D:8:      layout_basic, st_stairs_10, hangedman_decor_push
D:9:      layout_roguey, serial_curves, eino_curves_01, eino_curves_02,
          special_room [special_room_orc], uniq_prince_ribbit1
D:10:     layout_loops_ring, kennysheep_mini_moat, minmay_lair_entry_grove,
          uniq_josephine
D:11:     layout_roguey, erik_orc_1, kennysheep_minor_cross, uniq_snorg,
          uniq_gastronok
D:12:     layout_basic, uniq_frances
D:13:     layout_cave_pools, david_vaults_1, serial_shops, shop
D:14:     layout_rooms, uniq_rupert
D:15:     hangedman_depths_entry_try_elsewhere_first, layout_irregular_city,
          serial_bayou_ford_a, slow_altar_1, uniq_azrael
Temple:   dpeg_five_rooms_temple
Lair:1:   beast_lair_carwin_large_1, layout_loops_ring,
          kennysheep_abandoned_house
Lair:2:   layout_cave_shapes, guppyfry_snake_entry_garden, basic_altar,
          chequers_serial_rivers_large_a, patterned_corridor,
          grunt_megastairs_4, serial_bayou_shore_a, lemuel_fruit_fields,
          lemuel_fruit_fields
Lair:3:   layout_regular_city, gammafunk_ghost_wrathful_warriors
Lair:4:   layout_gridlike, elwin_shoals_entry_rocks, uniq_nessos
Lair:5:   nzn_winding_woodlands_huge [nzn_winding_woodlands_5x15_sawtooth,
          nzn_winding_woodlands_5x15_twine, nzn_winding_woodlands_5x15_zeroes,
          nzn_winding_woodlands_5x15_pool,
          nzn_winding_woodlands_5x15_pathside_ponds,
          nzn_winding_woodlands_5x15_eye, nzn_winding_woodlands_5x15_garden,
          nzn_winding_woodlands_5x15_river_crossing,
          nzn_winding_woodlands_5x15_split_checker,
          nzn_winding_woodlands_5x15_concentric,
          nzn_winding_woodlands_center_triple_pond,
          nzn_winding_woodlands_center_lodge,
          nzn_winding_woodlands_15x15_eel_pit], layout_regular_city,
          basic_altar, columned_hall_lemuel
Lair:6:   gammafunk_lair_ancient_temple, layout_regular_city,
          nicolae_slime_entry_slimehenge, wad_woods_01
Snake:1:  layout_misc_corridors, uniq_jorgrun
Orc:1:    layout_caves, special_room [special_room_orc],
          nicolae_orc_crystal_geode
Orc:2:    grunt_orc_gardens, layout_caves, grunt_orc_garden, grunt_orc_garden,
          grunt_orc_garden, grunt_orc_garden, serial_shops,
          nicolae_lakefront_shop

Notes
Turn   | Place    | Note
-------+----------+-------------------------------------------
     0 | D:1      | sanka the Djinni Artificer began the quest for the Orb.
     0 | D:1      | Reached XP level 1. HP: 17/17 MP: 0/0
   855 | D:1      | Reached skill level 1 in Spellcasting
   855 | D:1      | Reached XP level 2. HP: 15/22 MP: 0/0
  1426 | D:1      | Found Hantext's Jewellery Shoppe.
  1606 | D:1      | Reached XP level 3. HP: 27/27 MP: 0/0
  1606 | D:1      | Learned a level 1 spell: Foxfire
  1861 | D:2      | Found a faded altar of an unknown god.
  1906 | D:2      | Reached skill level 2 in Spellcasting
  2176 | D:2      | Noticed a scorpion
  2201 | D:2      | Killed a scorpion
  2202 | D:2      | Reached skill level 3 in Spellcasting
  2202 | D:2      | Reached XP level 4. HP: 28/32 MP: 0/0
  2202 | D:2      | Reached XP level 5. HP: 32/37 MP: 0/0
  2202 | D:2      | Learned a level 2 spell: Poisonous Vapours
  2559 | D:3      | Found a glowing drain.
  2565 | Sewer    | Entered a sewer
  2607 | Sewer    | Noticed Purgy
  2626 | Sewer    | Killed Purgy
  2627 | Sewer    | Reached skill level 4 in Spellcasting
  2627 | Sewer    | Reached XP level 6. HP: 42/42 MP: 0/0
  3455 | D:3      | Found a glowing silver altar of Zin.
  3623 | D:4      | Noticed an ogre
  3634 | D:4      | Killed an ogre
  3635 | D:4      | Reached XP level 7. HP: 47/47 MP: 0/0
  3635 | D:4      | Learned a level 2 spell: Corpse Rot
  3676 | D:4      | Reached skill level 5 in Spellcasting
  4281 | D:4      | Found a glowing golden altar of the Shining One.
  4281 | D:4      | Found an iron altar of Okawaru.
  4755 | D:5      | Entered Level 5 of the Dungeon
  4897 | D:5      | Reached skill level 6 in Spellcasting
  4919 | D:5      | Reached XP level 8. HP: 46/52 MP: 0/0
  5043 | D:5      | Reached skill level 2 in Fighting
  5043 | D:5      | Reached skill level 3 in Dodging
  5422 | D:6      | Reached skill level 3 in Fighting
  5422 | D:6      | Reached skill level 4 in Dodging
  6009 | D:6      | Reached skill level 4 in Fighting
  6010 | D:6      | Reached skill level 5 in Dodging
  6019 | D:6      | Reached XP level 9. HP: 33/63 MP: 0/0
  6019 | D:6      | Learned a level 4 spell: Petrify
  6124 | D:6      | Found Qopsadat's CLEARANCE SALE! EVERYTHING MUST GO!.
  6223 | D:6      | Bought a potion of heal wounds for 20 gold pieces
  6223 | D:6      | Bought a potion of haste for 40 gold pieces
  6223 | D:6      | Bought a potion of curing for 12 gold pieces
  6342 | D:7      | Reached skill level 5 in Fighting
  6342 | D:7      | Reached skill level 6 in Dodging
  6574 | D:7      | Found a staircase to the Ecumenical Temple.
  6584 | Temple   | Entered the Ecumenical Temple
  6850 | Temple   | Became a worshipper of Makhleb the Destroyer
  7060 | D:6      | Reached skill level 6 in Fighting
  7060 | D:6      | Reached skill level 7 in Dodging
  7259 | D:7      | Noticed Dowan
  7279 | D:7      | Noticed Duvessa
  7306 | D:7      | Killed Duvessa
  7402 | D:7      | Killed Dowan
  7551 | D:7      | Identified the +1 plate armour of a Thousand Suns {rC+}
  7602 | D:7      | Reached skill level 7 in Fighting
  7602 | D:7      | Reached skill level 8 in Dodging
  7826 | D:7      | Noticed Harold
  7873 | D:7      | Killed Harold
  7874 | D:7      | Reached skill level 8 in Fighting
  7874 | D:7      | Reached skill level 9 in Dodging
  7874 | D:7      | Reached XP level 10. HP: 50/76 MP: 0/0
  8366 | D:8      | Reached * piety under Makhleb
  9393 | D:9      | Noticed a two-headed ogre
  9400 | D:9      | Noticed Prince Ribbit
  9416 | D:9      | Reached skill level 9 in Fighting
  9416 | D:9      | Reached skill level 10 in Dodging
  9582 | D:9      | HP: 7/78 [orc priest (5)]
  9749 | D:9      | Killed a two-headed ogre
  9750 | D:9      | Reached XP level 11. HP: 84/84 MP: 0/0
  9750 | D:9      | Learned a level 5 spell: Summon Mana Viper
 10094 | D:9      | Reached ** piety under Makhleb
 10272 | D:9      | Killed Prince Ribbit
 10273 | D:9      | Reached skill level 7 in Spellcasting
 10545 | D:10     | Entered Level 10 of the Dungeon
 10838 | D:1      | Bought a +4 ring of protection for 432 gold pieces
 11274 | D:10     | Reached skill level 8 in Spellcasting
 11564 | D:10     | HP: 5/84 [wraith[Josephine] (7)]
 11667 | D:10     | Found a staircase to the Lair.
 11686 | D:10     | Identified the +3 lajatang "Hecome" {pain, Str+2 Dex+4}
 11747 | D:10     | Reached skill level 9 in Spellcasting
 11835 | D:10     | Noticed Josephine
 11972 | D:10     | Killed Josephine
 11973 | D:10     | Reached XP level 12. HP: 32/90 MP: 0/0
 12261 | D:10     | Found a hazy altar of Hepliaklqana.
 12424 | D:11     | Reached *** piety under Makhleb
 12425 | D:11     | Reached skill level 10 in Spellcasting
 12522 | D:11     | Noticed Gastronok
 12611 | D:11     | Killed Gastronok
 12612 | D:11     | Reached skill level 10 in Fighting
 12612 | D:11     | Reached skill level 11 in Dodging
 12736 | D:11     | Noticed Snorg
 12753 | D:11     | Killed Snorg
 12795 | D:11     | Noticed an eight-headed hydra
 12817 | D:11     | Killed an eight-headed hydra
 12986 | D:11     | Noticed a boulder beetle
 13002 | D:11     | Killed a boulder beetle
 13407 | D:11     | Found a staircase to the Orcish Mines.
 13560 | D:11     | Reached skill level 12 in Dodging
 13601 | D:10     | Reached skill level 11 in Fighting
 13604 | Lair:1   | Entered Level 1 of the Lair of Beasts
 13687 | Lair:1   | Reached **** piety under Makhleb
 13753 | Lair:1   | Reached XP level 13. HP: 99/99 MP: 0/0
 13753 | Lair:1   | Learned a level 5 spell: Agony
 14680 | Lair:2   | Found a shimmering altar of Xom.
 14890 | Lair:2   | Reached skill level 13 in Dodging
 14925 | Lair:2   | Found a staircase to the Snake Pit.
 14950 | Lair:2   | Reached skill level 12 in Fighting
 15200 | Lair:2   | Noticed a five-headed hydra
 15208 | Lair:2   | Killed a five-headed hydra
 15802 | Lair:3   | Noticed a catoblepas
 15819 | Lair:3   | Killed a catoblepas
 15838 | Lair:3   | Found a transporter.
 15879 | Lair:3   | Found a transporter.
 15879 | Lair:3   | Noticed Gusuyshucre's ghost (journeyman DjWr)
 15993 | Lair:3   | Found a bloodstained altar of Trog.
 15996 | Lair:3   | Identified a potion of resistance
 16003 | Lair:3   | Noticed a six-headed hydra
 16013 | Lair:3   | Killed a six-headed hydra
 16066 | Lair:3   | Reached ***** piety under Makhleb
 16435 | Lair:3   | Identified 3 scrolls of acquirement
 16436 | Lair:3   | Acquired 741 gold pieces
 16437 | Lair:3   | Acquired the ring "Fulaegru" {rF+ Will+ Int+4 Dex+4 SInv}
 16439 | Lair:3   | Acquired a manual of Dodging
 16676 | Lair:3   | Reached skill level 14 in Dodging
 16743 | Lair:3   | Reached skill level 13 in Fighting
 16776 | Lair:4   | Noticed a seven-headed hydra
 16788 | Lair:4   | Killed a seven-headed hydra
 16816 | Lair:4   | Reached skill level 15 in Dodging
 16820 | Lair:4   | Reached XP level 14. HP: 100/110 MP: 0/0
 16948 | Lair:4   | Noticed Nessos
 16964 | Lair:4   | Killed Nessos
 17185 | Lair:4   | Reached skill level 16 in Dodging
 17295 | Lair:4   | Found a staircase to the Shoals.
 17476 | Lair:4   | Reached skill level 17 in Dodging
 17885 | Lair:5   | Found a blossoming altar of Fedhas.
 18334 | Lair:5   | Reached skill level 18 in Dodging
 18638 | Lair:5   | Reached skill level 19 in Dodging
 19266 | Lair:6   | Entered Level 6 of the Lair of Beasts
 19435 | Lair:6   | Reached ****** piety under Makhleb
 19445 | Lair:6   | Reached XP level 15. HP: 28/115 MP: 0/0
 19445 | Lair:6   | Learned a level 6 spell: Eringya's Noxious Bog
 19449 | Lair:6   | HP: 6/115 [wind drake/the air (17)]
 19782 | Lair:6   | Found a staircase to the Slime Pits.
 20213 | Lair:6   | Reached skill level 11 in Spellcasting
 20362 | Lair:6   | Identified the +6 spear "Ceulid" {elec, rPois Str+3}
 20916 | Orc:1    | Entered Level 1 of the Orcish Mines
 20942 | Orc:1    | Noticed an orc warlord
 20959 | Orc:1    | Killed an orc warlord
 21648 | Orc:2    | Entered Level 2 of the Orcish Mines
 21702 | Orc:2    | Found Lut Peuwn's Antique Armour Emporium.
 21745 | Orc:2    | Found Nefanent's Book Emporium.
 21748 | Orc:2    | Identified a +2 robe of resistance
 21904 | Orc:2    | Noticed an orc warlord
 21922 | Orc:2    | Killed an orc warlord
 22068 | Orc:2    | Found a staircase to the Elven Halls.
 22215 | Orc:2    | Found Fev Zunown's Antique Weapon Boutique.
 22239 | Orc:2    | Found Acixois's General Store.
 22367 | Orc:2    | Found Oziasmerou's General Store.
 22479 | Orc:2    | Bought a glowing robe for 77 gold pieces
 22479 | Orc:2    | Identified a +1 robe of resistance (You bought it in a shop
                  | on level 2 of the Orcish Mines)
 22490 | Orc:2    | Bought a runed helmet for 157 gold pieces
 22510 | Orc:2    | Bought a runed robe for 77 gold pieces
 22792 | D:1      | Bought a ring of protection from cold for 300 gold pieces
 23200 | D:12     | Reached skill level 12 in Spellcasting
 23203 | D:12     | Noticed Frances
 23214 | D:12     | Killed Frances
 24243 | D:13     | Found Ymucw's General Store.
 24556 | D:13     | Found a gate to the Vaults.
 24774 | D:13     | Bought a +1 pair of gloves for 149 gold pieces
 24800 | D:14     | Noticed Rupert
 24808 | D:14     | Killed Rupert
 24873 | D:14     | Reached XP level 16. HP: 119/121 MP: 0/0
 25336 | D:14     | Reached skill level 13 in Spellcasting
 25779 | D:15     | Entered Level 15 of the Dungeon
 25966 | D:15     | HP: 6/121 [merfolk (17)]
 26131 | D:15     | Found a staircase to the Depths.
 26167 | D:15     | HP: 12/121 [centaur warrior (7)]
 26493 | D:15     | Found a snail-covered altar of Cheibriados.
 26496 | D:15     | Noticed Azrael
 26514 | D:15     | Killed Azrael
 27024 | Snake:1  | Entered Level 1 of the Snake Pit
 27488 | Lair:2   | Shot with a bolt by a naga sharpshooter

Vanquished Creatures
  Gastronok (D:11)
  An orc warlord (Orc:1)
  Nessos (Lair:4)
  A dire elephant (D:15)
  Snorg (D:11)
  Josephine (D:10)
  A naga warrior (Lair:2)
  A rakshasa (D:15)
  Harold (D:7)
  A hydra (Lair:2)
  3 catoblepae
  5 centaur warriors
  A merfolk avatar (Lair:6)
  5 boulder beetles
  2 death yaks (Lair:5)
  A two-headed ogre (D:9)
  3 tengu warriors
  An orc high priest (Orc:1)
  A naga ritualist (Lair:2)
  A lindwurm (Lair:1)
  An orc knight (Orc:1)
  4 deep elf pyromancers
  A wolf spider (D:15)
  4 manticores
  3 ugly things (D:14)
  2 orc sorcerers (Orc:2)
  14 elephants
  A salamander (Lair:2)
  3 cyclopes
  A guardian serpent (Lair:2)
  11 black mambas
  17 cane toads
  A gargoyle (D:12)
  An efreet (D:14)
  2 unseen horrors
  7 komodo dragons
  2 rime drakes
  2 tengu conjurers
  6 yaktaurs (D:15)
  8 polar bears
  9 trolls
  3 hornets
  Prince Ribbit (D:9)
  4 blink frogs
  11 slime creatures
  A dream sheep (Lair:5)
  A shadow (D:8)
  10 wraiths
  6 spriggans (Lair:6)
  58 yaks
  4 wyverns
  6 basilisks
  A redback simulacrum (D:14)
  2 wargs (Orc:2)
  7 vampire mosquitoes
  6 nagas
  21 water moccasins
  Duvessa (D:7)
  A hornet zombie (D:8)
  Purgy (Sewer)
  9 black bears
  18 orc warriors
  2 sky beasts (D:7)
  14 wolves
  9 ogres
  10 centaurs
  3 kobold brigands
  A gnoll sergeant (D:7)
  14 bullfrogs
  6 scorpions
  Dowan (D:7)
  6 killer bees
  9 wights
  8 howler monkeys
  8 electric eels
  4 centaur zombies
  A centaur skeleton (D:7)
  2 hounds
  6 jellies
  15 orc priests
  2 bullfrog skeletons
  6 iguanas
  A gnoll shaman (D:6)
  12 orc wizards
  3 hell rats (Lair:1)
  8 gnolls
  A howler monkey skeleton (D:7)
  A howler monkey zombie (D:9)
  5 adders
  8 river rats
  A shadow imp (D:6)
  A white imp (D:5)
  An ufetubus (D:5)
  An adder skeleton (D:4)
  A worm (D:4)
  A dart slug (D:2)
  72 orcs
  7 ball pythons
  8 endoplasms
  4 giant cockroaches (D:3)
  7 goblins
  5 hobgoblins
  12 jackals
  16 kobolds
  4 quokkas
  5 bats
  4 frilled lizards
  12 rats
633 creatures vanquished.

Vanquished Creatures (collateral kills)
  Azrael (D:15)
  8 hydras
  A catoblepas (Lair:3)
  A tengu warrior (D:13)
  2 ugly things
  3 elephants
  A centaur zombie (D:11)
  A black mamba (Lair:1)
  A rime drake (Lair:5)
  4 cane toads
  A freezing wraith (D:15)
  A komodo dragon (Lair:6)
  2 polar bears (Lair:6)
  A wind drake (Lair:6)
  A slime creature (D:15)
  A wraith (D:10)
  A wyvern (Lair:5)
  A fire elemental (D:15)
  A water moccasin (Lair:5)
  A hell hound (D:15)
  An ogre (D:11)
  An orc (D:11)
36 creatures vanquished.

Vanquished Creatures (others)
  Rupert (D:14)
  Frances (D:12)
  An orc warlord (Orc:2)
  A boulder beetle (D:14)
  A rakshasa (D:14)
  3 hydras
  2 two-headed ogres (D:13)
  4 orc high priests (Orc:2)
  6 orc knights
  7 ugly things
  7 orc sorcerers
  A deep elf pyromancer (D:13)
  4 elephants (Lair:6)
  A black mamba (Lair:2)
  A yaktaur (D:15)
  4 trolls (Orc:2)
  A merfolk (D:15)
  4 slime creatures
  4 yaks (D:12)
  A fire elemental (D:15)
  A warg (Orc:2)
  A naga (Snake:1)
  A water moccasin (Lair:6)
  17 orc warriors
  A swamp drake (D:11)
  3 hell hounds (D:15)
  2 ogres
  3 boggarts (D:15)
  6 orc priests
  4 orc wizards
  A worm (D:15)
  19 orcs
  3 bushes (D:10)
  118 foxfires
  32 fungi
  96 plants
363 creatures vanquished.

Grand Total: 1032 creatures vanquished
